 Dungeon Crawl Stone Soup version 0.23.2-40-g277498a001 (webtiles) character file.

Game seed: 15510797145603728566

394 Descartes the Insei (level 6, -5/30 HPs)
             Began as a Vine Stalker Transmuter on Oct 2, 2019.
             Slain by an orc warrior
             ... wielding a +0 short sword
              (10 damage)
             ... on level 5 of the Dungeon.
             The game lasted 00:11:21 (4523 turns).

Descartes the Insei (Vine Stalker Transmuter)       Turns: 4523, Time: 00:11:22

Health: -5/30      AC:  6    Str: 16    XL:     6   Next: 82%
Magic:  0/12       EV: 11    Int: 15    God:
Gold:   202        SH:  0    Dex: 14    Spells: 7/12 levels left

rFire    . . .     SeeInvis .     - Unarmed
rCold    . . .     Gourm    .   (no shield)
rNeg     . . .     Faith    .   f - +0 ring mail
rPois    .         Spirit   +   (no helmet)
rElec    .         Reflect  .   k - +0 cloak
rCorr    .         Harm     .   (no gloves)
MR       .....                  (boots currently unavailable)
Stlth    +.........             (no amulet)
HPRegen  0.50/turn              q - +3 ring of strength
MPRegen  0.13/turn              (no ring)

@: appendage (expiring)
A: fangs 2, talons 3, regeneration 1, magic shield, antimagic bite, no potion
heal 3, rot immunity
a: End Transformation


You were on level 5 of the Dungeon.
You were not hungry.
You had grown temporary talons.
You visited 1 branch of the dungeon, and saw 6 of its levels.

You collected 202 gold pieces.

Inventory:

Missiles
 a - 120 arrows
 h - 89 stones (quivered)
Armour
 b - a +0 robe
 f - a +0 ring mail (worn)
 g - a +0 leather armour
 k - a +0 cloak (worn)
Jewellery
 q - a +3 ring of strength (left hand)
Wands
 r - a wand of iceblast (5)
 s - a wand of polymorph (9)
Scrolls
 c - a scroll of fog {unknown}
 e - 2 scrolls of amnesia {unknown}
 j - 2 scrolls of enchant armour {unknown}
 m - a scroll of random uselessness {unknown}
 n - 2 scrolls of remove curse {unknown}
 o - 6 scrolls of teleportation {unknown}
 u - a scroll of blinking {unknown}
 v - 3 scrolls of identify {unknown}
Potions
 i - a potion of flight {unknown}
 l - 2 potions of resistance {unknown}
 p - a potion of agility
 t - 2 potions of curing {unknown}
 w - a potion of heal wounds {unknown}
Comestibles
 d - 6 rations
 x - 5 chunks of flesh


   Skills:
 + Level 2.1 Fighting
 + Level 1.0 Armour
 + Level 2.3 Dodging
 + Level 2.4 Stealth
 * Level 4.2 Unarmed Combat
 * Level 3.6 Spellcasting
 * Level 3.6 Transmutations


You had 7 spell levels left.
You knew the following spells:

 Your Spells              Type           Power        Failure   Level  Hunger
a - Beastly Appendage     Tmut           ##....       9%          1    None
b - Sticks to Snakes      Tmut           ##......     12%         2    ##.....
c - Blink                 Tloc           N/A          47%         2    ##.....

Your spell library contained the following spells:

 Spells                   Type           Power        Failure   Level  Hunger
 Magic Dart               Conj           #...         34%         1    None
 Spider Form              Tmut/Pois      #.........   45%         3    ###....
 Call Imp                 Summ           #.......     47%         2    ##.....
 Slow                     Hex            #.......     47%         2    ##.....
 Conjure Flame            Conj/Fire      #.......     71%         3    ###....
 Mephitic Cloud           Conj/Pois/Air  #.......     71%         3    ###....
 Ice Form                 Ice/Tmut       #.......     86%         4    ####...
 Blade Hands              Tmut           ##........   92%         5    ######.


Dungeon Overview and Level Annotations

Branches:
Dungeon (6/15)             Temple (0/1) D:6

Altars:
Fedhas
Nemelex Xobeh
Sif Muna

Annotations:
D:3 1 runed translucent door, Crazy Yiuf
D:4 Eustachio


Innate Abilities, Weirdness & Mutations

You have extremely sharp teeth.
Your natural rate of healing is unusually fast.
When hurt, damage is shared between your health and your magic reserves.
Your bite disrupts and absorbs the magic of your enemies.
Potions cannot restore your health.
You are immune to rotting.
You have claws for feet.


Message History

You hit the orc warrior but do no damage.
You bite the orc warrior, but do no damage.
The orc warrior is heavily wounded.
The orc wizard hits you but does no damage.
The orc warrior hits you with a +0 short sword!
* * * LOW HITPOINT WARNING * * *
You hit the orc warrior but do no damage.
Your kick misses the orc warrior.
You bite the orc warrior, but do no damage.
The orc warrior is heavily wounded.
The orc wizard hits you but does no damage.
The orc warrior hits you with a +0 short sword.
* * * LOW HITPOINT WARNING * * *
You hit the orc warrior. Your bite misses the orc warrior.
The orc warrior is severely wounded.
The orc wizard hits you but does no damage.
You hit the orc warrior but do no damage.
The orc warrior is severely wounded.
The orc warrior hits you with a +0 short sword!
You die...

#≈≈≈≈≈###.#
#...###..##.#.#.#
≈≈≈≈≈≈≈##.# ###.#
#.......#..
≈≈...≈≈##.# #.#
#####.#####
≈≈._...'..# #.#
#.......#
≈≈...≈≈#### #.#
#.......#
≈≈≈≈≈≈≈# #.#
#.......#
#≈≈≈≈≈## #.#
#.......# #######
######.##
#.......#
#{o@o...#
#.......#
#.####..#
#.......#
#.##....#
##########
#.##.##.#
#........
#.##.##.#
#.#######
#^..#...# #.# #
##.###..# #.# #
##§#.#.# #.# #
##§##.####.# #


You could see an orc warrior and an orc wizard.

Vanquished Creatures
  A scorpion (D:5)
  A crimson imp (D:6)
  A hound (D:5)
  Jessica (D:3)
  3 worker ants
  Terence (D:3)
  6 adders
  An adder zombie (D:6)
  A worm (D:3)
  2 dart slugs
  7 leopard geckos
  3 orcs
  7 bats
  2 giant cockroaches
  5 goblins
  8 hobgoblins
  15 jackals
  6 kobolds
  A quokka (D:5)
  7 frilled lizards
  14 rats
93 creatures vanquished.

Notes
Turn   | Place    | Note
-------+----------+-------------------------------------------
     0 | D:1      | Descartes the Vine Stalker Transmuter began the quest for
                  | the Orb.
     0 | D:1      | Reached XP level 1. HP: 9/9 MP: 4/4
   160 | D:1      | Reached skill level 1 in Fighting
   161 | D:1      | Reached XP level 2. HP: 13/14 MP: 4/6
   990 | D:2      | Reached XP level 3. HP: 18/18 MP: 7/7
  1101 | D:2      | Reached skill level 1 in Stealth
  1631 | D:2      | Gained mutation: Your natural rate of healing is unusually
                  | fast. [Vine Stalker growth]
  1631 | D:2      | Reached XP level 4. HP: 22/22 MP: 9/9
  1806 | D:2      | Found a blossoming altar of Fedhas.
  1975 | D:2      | Learned a level 2 spell: Sticks to Snakes
  2095 | D:3      | Noticed Jessica
  2104 | D:3      | Killed Jessica
  2114 | D:3      | Reached XP level 5. HP: 25/25 MP: 10/10
  2185 | D:3      | Found a runed translucent door.
  2186 | D:3      | Noticed Crazy Yiuf
  2404 | D:3      | Noticed Terence
  2423 | D:3      | Killed Terence
  2558 | D:3      | Found a faded altar of an unknown god.
  2818 | D:3      | Found a sparkling altar of Nemelex Xobeh.
  3185 | D:4      | Noticed Eustachio
  3619 | D:5      | Entered Level 5 of the Dungeon
  3763 | D:5      | Learned a level 2 spell: Blink
  3811 | D:5      | Reached XP level 6. HP: 24/30 MP: 10/12
  3898 | D:5      | Reached skill level 4 in Unarmed Combat
  4182 | D:5      | Found a deep blue altar of Sif Muna.
  4365 | D:6      | Reached skill level 1 in Armour
  4391 | D:6      | Noticed an orc warrior
  4466 | D:6      | Found a staircase to the Ecumenical Temple.
  4487 | D:6      | Noticed a water moccasin
  4523 | D:5      | Slain by an orc warrior

Skill      XL: |  1  2  3  4  5  6 |
---------------+-------------------+-----
Fighting       | 1 2 |  2.1
Stealth        | 1 2 |  2.4
Dodging        | 2 |  2.3
Spellcasting   | 3 |  3.6
Transmutations | 3 |  3.6
Unarmed Combat | 4 |  4.2
Armour         | 1 |  1.0

Action                   |  1- 3 |  4- 6 || total
-------------------------+-------+-------++-------
Melee: Unarmed           |   146 |   250 ||   396
       Bite              |    40 |    63 ||   103
       Kick              |     5 |     6 ||    11
       Headbutt          |     3 |     5 ||     8
       Punch             |       |     7 ||     7
 Cast: Beastly Appendage |     5 |     6 ||    11
 Stab: Sleeping          |     1 |     3 ||     4
  Eat: Chunk             |     2 |    10 ||    12
Armor: Robe              |    10 |       ||    10
       Leather armour    |    29 |     1 ||    30
       Ring mail         |       |    71 ||    71
Dodge: Dodged            |   110 |   156 ||   266
